AoeStats
← Zumoshi

Arabia

507269286Analyzed
1v1 RM · 16d ago on Sep 17, 2026· 34m 20s· 2 players
Game mode
Random Map
Map size
Tiny (2 player)
Population
200
Speed
Normal
Resources
Standard
Victory
Conquest
Starting age
Dark Age
Ending age
Imperial Age
RankedLock teamsTeams togetherTeam positionsShared explorationLock speedFull tech treeHidden civsTurbo modeCheats
Victory
Defeat
🇩🇪 Ethiopians · Germany
1127
+15
🇮🇱 Khitans · Israel
1100
-15
Zumoshi
7:06 Loom
9:35 Feudal Age
10:25 Double-Bit Axe
13:13 Forging
12:59 Man-at-Arms
17:59 Fletching
19:11 Padded Archer Armor
23:41 Castle Age
22:41 Scale Barding Armor
23:08 Domestication
23:21 Gold Mining
23:54 Elite Skirmisher
24:38 Bodkin Arrow
30:24 Bow Saw
31:06 Leather Archer Armor
33:34 Chain Barding Armor
fleurs-de-lis
7:04 Loom
9:29 Feudal Age
14:11 Fletching
16:20 Padded Archer Armor
18:03 Double-Bit Axe
22:07 Castle Age
22:23 Crossbowman
23:50 Wheelbarrow
23:31 Bodkin Arrow
25:29 Bow Saw
29:47 Gold Mining
34:23 Imperial Age
33:59 Leather Archer Armor
Connection lost

Rejoining the realm…

Still unreachable

The connection could not be restored.

Session expired

The server has moved on; the page needs a fresh start.